 Dungeon Crawl Stone Soup version 0.24-a0-584-g9d6b971ae4 (webtiles) character file.

Game seed: 9325187361740452722, levelgen mode: deterministic

58 Mithandil the Skirmisher (level 3, 0/29 HPs)
             Began as a Demonspawn Abyssal Knight on Sept 5, 2019.
             Was a Follower of Lugonu.
             Slain by a goblin
             ... wielding a +0 club
             ... led by Robin
              (5 damage)
             ... on level 2 of the Dungeon.
             The game lasted 00:14:50 (1383 turns).

Mithandil the Skirmisher (DsAK)                     Turns: 1383, Time: 00:14:50

Health: 0/29       AC:  5    Str: 13    XL:     3   Next: 76%
Magic:  5/5        EV: 11    Int: 13    God:    Lugonu [*.....]
Gold:   110        SH:  0    Dex: 12    Spells: 2/2 levels left

rFire    . . .     SeeInvis .   a - +0 dagger (venom)
rCold    . . .     Gourm    .   (no shield)
rNeg     . . .     Faith    .   d - +0 leather armour
rPois    .         Spirit   .   (helmet restricted)
rElec    .         Reflect  .   (no cloak)
rCorr    +         Harm     .   (no gloves)
MR       .....                  (no boots)
Stlth    +.........             (no amulet)
HPRegen  0.09/turn              i - ring of resist corrosion
MPRegen  0.09/turn              (no ring)

@: no status effects
A: horns 1, yellow scales 1
a: Depart the Abyss, Renounce Religion


You were on level 2 of the Dungeon.
You worshipped Lugonu.
Lugonu was aware of your devotion.
You were hungry.

You visited 1 branch of the dungeon, and saw 3 of its levels.
You visited the Abyss 1 time.

You collected 110 gold pieces.

Inventory:

Hand Weapons
 a - a +0 dagger of venom (weapon)
 b - a +1 spear
Missiles
 k - 30 stones
 l - 7 poisoned darts (quivered)
 n - 17 sling bullets
Armour
 d - a +0 leather armour (worn)
Jewellery
 e - an uncursed ring of ice
 i - a ring of resist corrosion (left hand)
Wands
 j - a wand of flame (16)
Scrolls
 f - a scroll of identify
 g - a scroll of magic mapping
 m - a scroll of teleportation {unknown}
 o - a scroll of enchant weapon {unknown}
Comestibles
 c - 2 rations


   Skills:
 * Level 3.5 Fighting
 + Level 0.2 Short Blades
 - Level 2.0 Polearms
 + Level 2.1 Armour
 + Level 1.3 Dodging
 + Level 0.7 Stealth
 + Level 0.7 Unarmed Combat
 + Level 3.0 Invocations


You had 2 spell levels left.
You didn't know any spells.
Your spell library was empty.

Dungeon Overview and Level Annotations

Branches:
Dungeon (3/15)

Altars:

Annotations:
D:3 Robin


Innate Abilities, Weirdness & Mutations

You have a pair of small horns on your head.
You are partially covered in yellow scales. (AC +2)


Message History

The goblin misses you. The frilled lizard closely misses you.
You hit the goblin.
The goblin is severely wounded.
The goblin closely misses you.
The frilled lizard bites you but does no damage.
You closely miss the goblin.
The goblin is severely wounded.
The goblin hits you with a +0 club.
* * * LOW HITPOINT WARNING * * *
The frilled lizard misses you.
You hit the goblin but do no damage.
The goblin is poisoned.
Your headbutt misses the goblin.
The goblin is severely wounded.
The frilled lizard bites you but does no damage.
The goblin closely misses you.
You hit the frilled lizard.
You kill the frilled lizard!
Lugonu accepts your kill. The goblin hits you with a +0 club.
You die...

...##.## #.# #.#
...##... ..# #.#
.......###.#####.#
..##.#...........#
........##.#####.#
...##............#
...##.#..#######.#
).....#..# #g#
...####..#######@#
#...........##.).#
...##.......##.###
............##.
##.#........##.
##.#........##.
...#........##.
####........##. #
#.########..


You could see a goblin.

Vanquished Creatures
  Ijyb (D:2)
  2 oozes (D:1)
  A ball python (D:2)
  5 hobgoblins
  3 bats
  4 frilled lizards
  5 goblins
  6 kobolds
  2 rats
29 creatures vanquished.

Notes
Turn   | Place    | Note
-------+----------+-------------------------------------------
     0 | Abyss:1  | Mithandil the Demonspawn Abyssal Knight began the quest for
                  | the Orb.
     0 | Abyss:1  | Reached XP level 1. HP: 18/18 MP: 2/2
    14 | Abyss:1  | Noticed a komodo dragon
    14 | Abyss:1  | a shapeshifter changed into a komodo dragon
    53 | Abyss:1  | Found a sacrificial altar of Ru.
    61 | Abyss:1  | Noticed a hell hound
    66 | D:1      | Escaped the Abyss
   130 | D:1      | Reached skill level 1 in Dodging
   368 | D:1      | Reached * piety under Lugonu
   368 | D:1      | Gained mutation: You are partially covered in yellow
                  | scales. (AC +2) [demonic ancestry]
   368 | D:1      | Reached XP level 2. HP: 15/24 MP: 3/3
  1044 | D:2      | Gained mutation: You have a pair of small horns on your
                  | head. [demonic ancestry]
  1044 | D:2      | Reached XP level 3. HP: 29/29 MP: 5/5
  1098 | D:3      | Noticed Ijyb
  1100 | D:3      | Noticed Robin
  1111 | D:2      | Killed Ijyb
  1383 | D:2      | Slain by a goblin

Levels and vault maps discovered:
D:1:      scummos_arrival_forest, layout_basic
D:2:      layout_loops_cross, first_ration, hangedman_decor_lopped
D:3:      layout_rooms, serial_park_tiny_2, uniq_sigmund, uniq_robin,
          uniq_jessica, uniq_terence, uniq_ijyb

Skill      XL: |  1  2  3 |
---------------+----------+-----
Dodging        | 1 |  1.3
Armour         | 2 |  2.1
Polearms       | 2 |  2.0
Invocations    | 3 |  3.0
Fighting       | |  3.5
Short Blades   | |  0.2
Stealth        | |  0.7
Unarmed Combat | |  0.7

Action                   || total
-------------------------++-------
Melee: Spear             ||    62
       Dagger            ||    50
       Headbutt          ||     1
Invok: Depart the Abyss  ||     1
  Use: Potion            ||     6
       Scroll            ||     1
  Eat: Chunk             ||     1
Armor: Leather armour    ||    30
Dodge: Dodged            ||    66

Table legend:
 A = Non-vault XP
 B = Vault XP
 C = Vault XP percentage of total XP
 D = Non-vault monster count
 E = Vault monster count
 F = Vault count percentage of total count
                 A         B        C        D         E       F
            +---------+---------+-------+---------+---------+-------
      Total |      48 |      36 |  42.9 |      26 |       3 |  10.3
            +---------+---------+-------+---------+---------+-------
        D:1 |      32 |       0 |   0.0 |      15 |       0 |   0.0
        D:2 |      16 |      36 |  69.2 |      11 |       3 |  21.4
            +---------+---------+-------+---------+---------+-------
